 Dungeon Crawl Stone Soup version 0.27-a0-1378-gdefffd1ff6 (webtiles) character file.

Game seed: 13403160944574637402

16 Kold the Insei (level 2, -1/18 HPs)
             Began as an Octopode Transmuter on June 29, 2021.
             Slain by a jackal (2 damage)
             ... on level 2 of the Dungeon.
             The game lasted 00:01:02 (1355 turns).

Kold the Insei (Octopode Transmuter)                Turns: 1355, Time: 00:01:02

Health: -1/18      AC:  1    Str:  9    XL:     2   Next: 54%
Magic:  3/5        EV: 10    Int: 15    God:
Gold:   90         SH:  0    Dex: 12    Spells: 4/5 levels left

rFire    . . .     SeeInvis .     - Unarmed
rCold    . . .     Faith    .   (no shield)
rNeg     . . .     Spirit   .   (helmet currently unavailable)
rPois    .         Reflect  .   (no amulet)
rElec    .         Harm     .   (no ring)
rCorr    .         Rampage  .   (no ring)
Will     .....                  (no ring)
Stlth    +++.......             (no ring)
HPRegen  0.06/turn              (no ring)
MPRegen  0.09/turn              (no ring)
                                (no ring)
                                (no ring)

@: appendages (expiring), constricted, invisible
A: tentacle spike 3, almost no armour, amphibious, 8 rings, camouflage 1,
gelatinous body 1, (nimble swimmer 1), tentacles
a: End Transformation


You were on level 2 of the Dungeon.
One of your tentacles had grown a beastly spike.
You visited 1 branch of the dungeon, and saw 2 of its levels.

You collected 90 gold pieces.

Inventory:

Scrolls
 c - 2 scrolls of teleportation {unknown}
 d - a scroll of fog {unknown}
 e - a scroll of identify {unknown}
Potions
 a - a potion of invisibility
 b - a potion of lignification {unknown}
 f - a potion of might {unknown}
 g - a potion of attraction {unknown}


   Skills:
 - Level 1.0 Fighting
 - Level 2.0 Dodging
 + Level 1.7 Stealth
 + Level 3.2 Unarmed Combat
 - Level 2.0 Spellcasting
 + Level 2.3 Transmutations


You had 4 spell levels left.
You knew the following spells:

 Your Spells              Type           Power      Damage    Failure   Level
a - Beastly Appendage     Tmut           16%        N/A       9%          1

Your spell library contained the following spells:

 Spells                   Type           Power      Damage    Failure   Level
 Wereblood                Tmut           8%         N/A       13%         2
 Spider Form              Tmut/Pois      2%         N/A       38%         3
 Ice Form                 Ice/Tmut       5%         N/A       80%         4


Dungeon Overview and Level Annotations

Branches:
Dungeon (2/15)

Altars:


Innate Abilities, Weirdness & Mutations

One of your tentacles has grown a beastly spike.
You cannot wear most types of armour.
You are amphibious.
You can wear up to eight rings at the same time.
Your skin changes colour to match your surroundings (Stealth+).
Your rubbery body absorbs attacks. (AC +1, EV +1)
((You are camouflaged near water. (Stealth+)))
You have tentacles for arms and can constrict up to eight enemies at once.


Message History

The ball python barely misses you.
You tentacle-slap the jackal. Your grab misses the jackal.
You squeeze the jackal, but do no damage.
The jackal is lightly wounded.
Your transformation is almost over.
The jackal bites you. The jackal closely misses you. The jackal bites you.
The jackal closely misses you.
You tentacle-slap the jackal but do no damage.
Your grab misses the jackal. Your squeeze misses the jackal.
The jackal is lightly wounded.
The jackal bites you. The jackal misses you. The jackal completely misses you.
The ball python closely misses you. The ball python misses you.
Your magical contamination has completely faded away.
You completely miss the jackal. Your grab misses the jackal.
Your tentacle spike misses the jackal.
Your squeeze misses the jackal.
The jackal is lightly wounded.
The jackal closely misses you. The ball python bites you.
The ball python grabs you. The ball python constricts you.
The jackal misses you. The jackal barely misses you.
The ball python barely misses you. The jackal bites you.
* * * LOW HITPOINT WARNING * * *
The ball python bites you.
* * * LOW HITPOINT WARNING * * *
x2 The ball python constricts you.
You tentacle-slap the ball python.
You kill the ball python!
The jackal bites you but does no damage.
The jackal bites you.
* * * LOW HITPOINT WARNING * * *
The jackal barely misses you. The ball python closely misses you.
The ball python constricts you.
The jackal stops to sniff the ground.
The jackal barely misses you. x2
Okay, then.
It was a potion of invisibility.
You fade into invisibility!
The jackal barely misses you. x2; The ball python barely misses you.
* * * LOW HITPOINT WARNING * * *
The ball python constricts you. The jackal bites you.
You die...

#................#
#...........>....###
#..................#
#..................#
#....$.......>...†...#
....#.....#.............
...##.#.###.............
.$........#...........##
......h@†.............#
......hhS.......).....#
.......................
<..............
......[.......(
...............
....>..........
..............#


You could see 3 jackals and a ball python.

Vanquished Creatures
  2 ball pythons (D:2)
  A bat (D:2)
  A giant cockroach (D:1)
  2 goblins
  3 jackals (D:1)
  A kobold (D:1)
  A frilled lizard (D:1)
  3 rats
14 creatures vanquished.

Notes
Turn   | Place    | Note
-------+----------+-------------------------------------------
     0 | D:1      | Kold the Octopode Transmuter began the quest for the Orb.
     0 | D:1      | Reached XP level 1. HP: 13/13 MP: 3/3
   306 | D:1      | You fall into a shaft and drop 1 floor!
   590 | D:1      | Reached skill level 1 in Stealth
   682 | D:1      | Reached XP level 2. HP: 14/18 MP: 3/5
  1355 | D:2      | Slain by a jackal

Illustrated notes

Levels and vault maps discovered:
D:1:      saegor_arrival_simple_e, layout_basic
D:2:      layout_rooms, minmay_misc_feat_tower

Skill      XL: |  1 |
---------------+----+-----
Stealth        | 1 |  1.7
Fighting       | |  1.0
Dodging        | |  2.0
Unarmed Combat | |  3.2
Spellcasting   | |  2.0
Transmutations | |  2.3

Action                   || total
-------------------------++-------
Melee: Unarmed           ||    30
       Constrict         ||     5
       Kick              ||     5
       Tentacles         ||     3
 Cast: Beastly Appendage ||     7
  Use: Potion            ||     1
 Stab: Sleeping          ||     6
Armor: Skin              ||     2
Dodge: Dodged            ||    47

Table legend: (Time is in decaauts)
 A = Elapsed time spent in this place.
 B = Non-inter-level travel time spent in this place.
 C = Inter-level travel time spent in this place.
 D = Time resting spent in this place.
 E = Time spent auto-exploring this place.
 F = Levels seen in this place.
 G = Mean time per level.
                   A        B        C        D        E       F      G
               +--------+--------+--------+--------+--------+-----+--------+
         Total |   1353 |   1328 |     25 |    196 |   1017 |   2 |  676.5 |
       Dungeon |   1353 |   1328 |     25 |    196 |   1017 |   2 |  676.5 |
               +--------+--------+--------+--------+--------+-----+--------+

Top non-repeatable levels by time:
     D:1: 1281 daAuts
     D:2: 72 daAuts
